 Dungeon Crawl Stone Soup version 0.24-a0-264-gf46a388 (webtiles) character file.

Game seed: 7892346113957355536

25855 Laiders72 the Basher (level 12, 0/116 HPs)
             Began as a Deep Dwarf Fighter on Apr 21, 2019.
             Was a High Priest of Makhleb.
             Hit by a large rock thrown by a cyclops (21 damage)
             ... on level 13 of the Dungeon.
             The game lasted 00:45:04 (11344 turns).

Laiders72 the Basher (Deep Dwarf Fighter)          Turns: 11344, Time: 00:45:05

Health: 0/116      AC: 21    Str: 22    XL:     12   Next: 93%
Magic:  8/8        EV:  9    Int: 10    God:    Makhleb [*****.]
Gold:   346        SH: 12    Dex: 16    Spells: 11/11 levels left

rFire    . . .     SeeInvis .   l - +2 flail (crush)
rCold    + . .     Gourm    .   c - +0 shield
rNeg     . . .     Faith    +   F - +2 plate armour {rPois}
rPois    +         Spirit   .   (helmet restricted)
rElec    .         Reflect  .   C - +2 cloak
rCorr    .         Harm     .   a - +0 pair of gloves
MR       .....                  (no boots)
Stlth    ..........             L - amulet of faith
HPRegen  0.00/turn              s - +2 ring of dexterity
MPRegen  0.11/turn              b - ring of poison resistance

@: vulnerable, non-regenerating, slowed, very slow
A: damage resistance, heal wounds, beak, slimy green scales 1, cold resistance
1, sense surroundings 2, no regeneration
a: Heal Wounds, Minor Destruction, Lesser Servant of Makhleb, Major Destruction,
Greater Servant of Makhleb, Renounce Religion


You were on level 13 of the Dungeon.
You worshipped Makhleb.
Makhleb was extremely pleased with you.
You were not hungry.

You visited 2 branches of the dungeon, and saw 14 of its levels.
You also visited: Bailey.

You collected 721 gold pieces.
You spent 375 gold pieces at shops.

Inventory:

Hand Weapons
 l - a +2 flail of crushing (weapon)
Missiles
 v - 8 tomahawks (quivered)
Armour
 a - a +0 pair of gloves (worn)
 c - a +0 shield (worn)
 C - a +2 cloak (worn)
 F - a +2 plate armour of poison resistance (worn)
Jewellery
 b - a ring of poison resistance (right hand)
 s - a +2 ring of dexterity (left hand)
 L - an amulet of faith (around neck)
Wands
 g - a wand of scattershot (4)
 m - a wand of clouds (13)
 x - a wand of paralysis (1)
 D - a wand of iceblast (25)
 N - a wand of enslavement (9)
Scrolls
 d - a scroll of vulnerability {unknown}
 e - 9 scrolls of teleportation
 h - 11 scrolls of remove curse
 j - a scroll of enchant weapon {unknown}
 o - 2 scrolls of noise
 p - 2 scrolls of identify
 w - 4 scrolls of enchant armour
 y - 2 scrolls of fog
 z - 2 scrolls of immolation
 I - a scroll of magic mapping {unknown}
 J - a scroll of silence {unknown}
 K - a scroll of acquirement {unknown}
 P - a scroll of summoning {unknown}
Potions
 i - 2 potions of haste
 k - a potion of flight
 n - 9 potions of curing
 q - a potion of lignification
 r - a potion of magic
 t - 2 potions of mutation
 B - a potion of agility
 E - a potion of cancellation {unknown}
 G - a potion of brilliance {unknown}
 M - a potion of invisibility {unknown}
 O - 2 potions of heal wounds
 Q - a potion of resistance
Miscellaneous
 H - a fan of gales
Comestibles
 f - 31 rations


   Skills:
 - Level 10.0 Fighting
 - Level 14.0 Maces & Flails
 + Level 7.2 Armour
 + Level 6.2 Dodging
 + Level 10.2 Shields
 + Level 7.4 Invocations


You had 11 spell levels left.
You didn't know any spells.
Your spell library contained the following spells:

 Spells                   Type           Power        Failure   Level  Hunger
 Animate Skeleton         Necr           N/A          100%        1    ##.....
 Apportation              Tloc           #.....       100%        1    ##.....
 Beastly Appendage        Tmut           #.....       100%        1    ##.....
 Confusing Touch          Hex            #.....       100%        1    ##.....
 Summon Small Mammal      Summ           #...         100%        1    ##.....
 Sticks to Snakes         Tmut           #.......     100%        2    ###....
 Spider Form              Tmut/Pois      #.........   100%        3    ####...
 Ice Form                 Ice/Tmut       #.......     100%        4    #####..
 Blade Hands              Tmut           #.........   100%        5    ######.


Dungeon Overview and Level Annotations

Branches:
Dungeon (13/15)            Temple (1/1) D:6            Lair (0/6) D:8
    Orc (0/2) D:9
 Vaults: D:13-14

Altars:
Ashenzari
Cheibriados
Dithmenos
Elyvilon
Gozag
Hepliaklqana
Kikubaaqudgha
Makhleb
Nemelex Xobeh
Okawaru
Qazlal
Ru
Sif Muna
Trog
Uskayaw
Vehumet
Yredelemnul
The Shining One

Shops:
D:12 !

Annotations:
D:8 exclusions: 2 doors and downstairs


Innate Abilities, Weirdness & Mutations

You are resistant to damage.
You can heal yourself by infusing magical energy.
You passively map the area around you.
You do not regenerate.
You have a beak for a mouth.
You are partially covered in slimy green scales. (AC +2)
Your flesh is cold resistant. (rC+)


Message History

You closely miss the wraith.
The wraith is severely damaged.
The phantasmal warrior hits you!
The cyclops throws a large rock.
The large rock completely misses you.
The centaur warrior shoots an arrow.
The arrow hits you! The wraith hits you but does no damage.
The phantasmal warrior hits you!
* * * LOW HITPOINT WARNING * * *
Your magical defenses are stripped away!
You sock the wraith!
You destroy the wraith!
Makhleb accepts your kill.
The centaur warrior shoots an arrow.
You block the arrow.
The cyclops throws a large rock.
You block the large rock.
The phantasmal warrior hits you but does no damage.
You feel much better.
The centaur warrior shoots an arrow.
You block the arrow. The phantasmal warrior hits you!!
The centaur warrior shoots an arrow.
The arrow hits you!!
* * * LOW HITPOINT WARNING * * *
The cyclops throws a large rock.
The large rock hits you!!
You die...

....# , ,, , ....# ...
#...>.C.#* ....# ,,
..##........
...........##...........
*
....#......#........c...
.....###................
.##...##..............#.
.............##W.......#
................@<......
>.............#((......#
...............#..###.##
..........###..#..# *
...........#...#.##
..........###.....
...........##.....#
..........###..####
...#......#.#..#


You could see a centaur warrior, a cyclops and a phantasmal warrior.

Vanquished Creatures
  Jorgrun (D:12)
  Frances (D:12)
  A centaur warrior (D:13)
  2 hydras
  A two-headed ogre (D:10)
  An unseen horror (D:10)
  Pikel (D:8)
  An orc knight (Bailey)
  An ugly thing (D:12)
  A deep elf mage (D:13)
  4 cyclopes
  A manticore (D:11)
  A centaur zombie (D:13)
  An elephant (D:8)
  Joseph (D:7)
  2 trolls
  Grinder (D:5)
  2 hippogriffs (D:8)
  Prince Ribbit (D:6)
  6 slime creatures (D:12)
  A shadow (D:13)
  2 vampires
  A human (D:7)
  2 wyverns
  9 yaks
  A wraith (D:13)
  4 hogs (D:7)
  Grum (D:9)
  3 hungry ghosts
  Edmund (D:6)
  A water moccasin (D:13)
  3 black bears
  7 orc warriors
  5 sky beasts
  3 ice beasts
  4 ogres
  A necrophage (D:13)
  3 phantoms
  2 wolves (D:9)
  7 centaurs
  3 crocodiles (D:8)
  2 big kobolds
  8 bullfrogs
  Blork the orc (D:4)
  A gnoll sergeant (D:6)
  A wyvern zombie (D:13)
  A water moccasin zombie (D:9)
  8 scorpions
  28 killer bees
  A wight (D:10)
  3 howler monkeys
  7 crimson imps
  2 quasits
  3 bullfrog zombies
  4 centaur skeletons
  3 hounds
  Crazy Yiuf (D:2)
  3 bullfrog skeletons
  4 orc priests
  2 jellies
  Ijyb (D:4)
  Terence (D:2)
  An iguana (D:4)
  11 orc wizards
  9 worker ants
  A killer bee zombie (D:6)
  A hound zombie (D:6)
  3 hound skeletons
  4 gnolls
  A howler monkey skeleton (D:7)
  10 adders
  3 shadow imps
  An ooze (D:2)
  5 adder skeletons
  3 leopard geckos
  47 orcs
  7 bats
  7 giant cockroaches
  15 goblins
  4 hobgoblins
  10 jackals
  20 kobolds
  4 quokkas
  8 frilled lizards
  A giant cockroach zombie (D:5)
  A leopard gecko skeleton (D:5)
  A leopard gecko zombie (D:3)
  A quokka skeleton (D:5)
  7 rats
366 creatures vanquished.

Vanquished Creatures (collateral kills)
  A two-headed ogre (D:13)
  A hound (D:13)
2 creatures vanquished.

Vanquished Creatures (others)
  A bullfrog (D:8)
  2 orcs (D:6)
3 creatures vanquished.

Grand Total: 371 creatures vanquished

Notes
Turn   | Place    | Note
-------+----------+-------------------------------------------
     0 | D:1      | Laiders72 the Deep Dwarf Fighter began the quest for the
                  | Orb.
     0 | D:1      | Reached XP level 1. HP: 20/20 MP: 1/1
   321 | D:1      | Reached XP level 2. HP: 27/27 MP: 2/2
   804 | D:2      | Reached XP level 3. HP: 28/34 MP: 3/3
   843 | D:2      | Found a white marble altar of Elyvilon.
   863 | D:2      | Reached skill level 3 in Maces & Flails
  1378 | D:2      | Found a bloodstained altar of Trog.
  1384 | D:2      | Reached XP level 4. HP: 27/42 MP: 4/4
  1918 | D:3      | Reached XP level 5. HP: 19/49 MP: 5/5
  1943 | D:3      | Found an iron altar of Okawaru.
  1951 | D:3      | Reached skill level 4 in Maces & Flails
  2592 | D:2      | Noticed Terence
  2602 | D:2      | Killed Terence
  2658 | D:2      | Found a runed translucent door.
  2659 | D:2      | Noticed Crazy Yiuf
  2746 | D:2      | Killed Crazy Yiuf
  2964 | D:4      | Noticed Ijyb
  2968 | D:4      | Killed Ijyb
  2992 | D:4      | Reached XP level 6. HP: 17/57 MP: 6/6
  3081 | D:4      | Reached skill level 5 in Maces & Flails
  3174 | D:4      | Reached skill level 5 in Shields
  3223 | D:4      | Noticed Blork the orc
  3243 | D:4      | Killed Blork the orc
  3389 | D:4      | Reached XP level 7. HP: 55/64 MP: 7/7
  3585 | D:5      | Entered Level 5 of the Dungeon
  3770 | D:5      | Noticed Grinder
  3811 | D:6      | Reached skill level 6 in Maces & Flails
  3860 | D:5      | Paralysed by Grinder for 5 turns
  3871 | D:5      | Killed Grinder
  3871 | D:5      | Reached skill level 5 in Fighting
  3871 | D:5      | Reached XP level 8. HP: 47/74 MP: 6/6
  4073 | D:5      | Reached skill level 7 in Maces & Flails
  4272 | D:6      | Found a staircase to the Ecumenical Temple.
  4299 | Temple   | Entered the Ecumenical Temple
  4314 | Temple   | Became a worshipper of Makhleb the Destroyer
  4343 | D:6      | Noticed Prince Ribbit
  4424 | D:6      | Reached skill level 8 in Maces & Flails
  4467 | D:6      | Found a radiant altar of Vehumet.
  4554 | D:6      | Found a stormy altar of Qazlal.
  4806 | D:6      | Found the amulet of Vitality {Regen+ HP+15}
  4868 | D:6      | Killed Prince Ribbit
  4921 | D:6      | Gained mutation: You passively map the area around you.
                  | [Deep Dwarf growth]
  4921 | D:6      | Reached XP level 9. HP: 61/82 MP: 5/5
  5147 | D:6      | Noticed Edmund
  5175 | D:6      | Killed Edmund
  5189 | D:6      | Gained mutation: Your flesh is cold resistant. (rC+)
                  | [potion of mutation]
  5189 | D:6      | Gained mutation: You have a beak for a mouth. [potion of
                  | mutation]
  5189 | D:6      | Gained mutation: You are partially covered in slimy green
                  | scales. (AC +2) [potion of mutation]
  5301 | D:7      | Reached skill level 9 in Maces & Flails
  5355 | D:7      | Got a twisted scale mail
  5366 | D:7      | Identified the cursed +0 scale mail of Focus {+Inv rF+ MR-
                  | Int+4} (You found it on level 7 of the Dungeon)
  5478 | D:7      | Reached * piety under Makhleb
  5658 | D:7      | Reached skill level 10 in Maces & Flails
  5809 | D:7      | Noticed Joseph
  5837 | D:7      | Killed Joseph
  5920 | D:7      | Reached XP level 10. HP: 47/94 MP: 6/6
  6400 | D:8      | Found an ancient bone altar of Kikubaaqudgha.
  6540 | D:8      | Reached skill level 11 in Maces & Flails
  6554 | D:8      | Reached ** piety under Makhleb
  6657 | D:8      | Noticed a cyclops
  6673 | D:8      | Killed a cyclops
  6848 | D:8      | Found a staircase to the Lair.
  6848 | D:8      | Noticed an elephant
  6892 | D:8      | Killed an elephant
  7076 | D:8      | Noticed Pikel
  7092 | D:8      | Killed Pikel
  7092 | D:8      | Reached skill level 12 in Maces & Flails
  7571 | D:9      | HP: 3/113 [orc priest/divine providence (13)]
  7687 | D:9      | Noticed Grum
  7727 | D:9      | Killed Grum
  7877 | D:9      | Found a staircase to the Orcish Mines.
  7899 | D:9      | Reached XP level 11. HP: 62/104 MP: 4/4
  8292 | D:10     | Entered Level 10 of the Dungeon
  8384 | D:10     | Reached *** piety under Makhleb
  8486 | D:10     | Noticed a two-headed ogre
  8507 | D:10     | Killed a two-headed ogre
  8522 | D:10     | Reached skill level 13 in Maces & Flails
  8824 | D:10     | Killed an unseen horror
  9161 | D:11     | Reached **** piety under Makhleb
  9161 | D:11     | Reached skill level 1 in Invocations
  9178 | D:11     | Reached skill level 1 in Dodging
 10054 | D:12     | Found a flagged portal.
 10109 | Bailey   | Entered a bailey
 10158 | Bailey   | Noticed an orc knight
 10159 | Bailey   | Found a burning altar of Makhleb.
 10175 | Bailey   | Killed an orc knight
 10262 | D:12     | Found Xafre's Distillery.
 10270 | D:12     | Bought a potion of heal wounds for 75 gold pieces
 10270 | D:12     | Bought a potion of heal wounds for 75 gold pieces
 10270 | D:12     | Bought a potion of heal wounds for 75 gold pieces
 10270 | D:12     | Bought a potion of resistance for 150 gold pieces
 10270 | D:12     | Noticed Frances
 10285 | D:12     | Killed Frances
 10285 | D:12     | Reached XP level 12. HP: 59/116 MP: 7/7
 10307 | D:12     | Reached skill level 14 in Maces & Flails
 10392 | D:12     | Reached ***** piety under Makhleb
 10630 | D:12     | Noticed a five-headed hydra
 10638 | D:12     | Killed a five-headed hydra
 10638 | D:12     | Reached skill level 10 in Fighting
 10638 | D:12     | Reached skill level 5 in Armour
 10738 | D:13     | Noticed a two-headed ogre
 10746 | D:13     | Reached skill level 5 in Invocations
 10763 | D:13     | Killed a two-headed ogre
 10822 | D:13     | Noticed a centaur warrior
 10837 | D:13     | Killed a centaur warrior
 10837 | D:13     | Reached skill level 5 in Dodging
 10887 | D:13     | Noticed Jorgrun
 10987 | D:12     | Killed Jorgrun
 10987 | D:12     | Reached skill level 10 in Shields
 11250 | D:13     | Noticed a five-headed hydra
 11293 | D:13     | Killed a five-headed hydra
 11337 | D:13     | Noticed a centaur warrior
 11344 | D:13     | Hit by a large rock thrown by a cyclops

Levels and vault maps discovered:
D:1:      dpeg_arrival_concentric_ovals, layout_basic
D:2:      layout_basic, nicolae_overflow_crystal_walls, elyvilon_altar_5,
          uniq_terence, uniq_crazy_yiuf_cottage
D:3:      layout_basic, okawaru_ov_weapons_minmay
D:4:      layout_cave_pools, first_ration, uniq_ijyb, uniq_blork_the_orc
D:5:      layout_cave_pools, uniq_grinder
D:6:      layout_cave_pods, fiery_altar_vehumet, lemuel_coloured_pillars_altar,
          minmay_temple_entry_ruins, uniq_prince_ribbit1, uniq_edmund
D:7:      layout_basic, grunt_livestock, kennysheep_boxes, uniq_joseph
D:8:      cheibrodos_two_vegetables, layout_cave_pods, marbit_many_paths,
          david_lair_generic, uniq_pikel
D:9:      layout_roguey, orc_0_dummy, lemuel_flamethrower_1, uniq_grum
D:10:     layout_rooms, kb_rosetta
D:11:     layout_basic
D:12:     layout_gridville, enter_bailey_1, serial_shops, nicolae_shop_trees,
          uniq_frances
D:13:     layout_cave_pools, serial_column_ruins, column_ruins_circle_medium,
          column_ruins_columns_dead_end, column_ruins_corridor_dead_end,
          column_ruins_open_small, column_ruins_grid_3, feat_on_display,
          uniq_jorgrun
Temple:   lightli_temple_of_artemis
Bailey:   bailey_axe_3, bailey

Skill      XL: |  1  2  3  4  5  6  7  8  9 10 11 12 |
---------------+-------------------------------------+-----
Fighting       | 3 4 5 6 7 8 9 10 | 10.0
Maces & Flails | 3 4 5 6 8 10 12 13 14 | 14.0
Shields        | 4 5 6 7 8 10 | 10.2
Invocations    | 3 7 |  7.4
Dodging        | 2 6 |  6.2
Armour         | 4 7 |  7.2

Action                   |  1- 3 |  4- 6 |  7- 9 | 10-12 || total
-------------------------+-------+-------+-------+-------++-------
Melee: Flail             |   136 |   230 |   414 |  1067 ||  1847
       Peck              |       |       |    31 |   293 ||   324
Invok: Lesser Servant of |       |       |       |     3 ||     3
 Abil: Heal Wounds       |     1 |     6 |    16 |    23 ||    46
Evoke: Wand              |       |       |     3 |       ||     3
  Use: Scroll            |     5 |       |     5 |    10 ||    20
       Potion            |       |       |     4 |     6 ||    10
 Stab: Distracted        |       |       |       |     1 ||     1
  Eat: Chunk             |     2 |     7 |     9 |    23 ||    41
Armor: Scale mail        |    60 |    24 |       |       ||    84
       Chain mail        |       |   147 |   458 |       ||   605
       Plate armour      |       |       |    11 |   956 ||   967
Dodge: Dodged            |    40 |    60 |   166 |   309 ||   575
Block: Shield            |    77 |   171 |   357 |   814 ||  1419

Table legend:
 A = Non-vault XP
 B = Vault XP
 C = Vault XP percentage of total XP
 D = Non-vault monster count
 E = Vault monster count
 F = Vault count percentage of total count
                 A         B        C        D         E       F
            +---------+---------+-------+---------+---------+-------
      Total |   25082 |   11854 |  32.1 |     332 |      37 |  10.0
            +---------+---------+-------+---------+---------+-------
        D:1 |      23 |       0 |   0.0 |      15 |       0 |   0.0
        D:2 |      63 |      77 |  55.0 |      21 |       2 |   8.7
        D:3 |     129 |       0 |   0.0 |      35 |       0 |   0.0
        D:4 |     339 |     123 |  26.6 |      16 |       2 |  11.1
        D:5 |     372 |     281 |  43.0 |      18 |       1 |   5.3
        D:6 |    1283 |     417 |  24.5 |      24 |       2 |   7.7
        D:7 |    1228 |    1410 |  53.4 |      30 |       6 |  16.7
        D:8 |    1653 |    2173 |  56.8 |      21 |       9 |  30.0
        D:9 |    1023 |     421 |  29.2 |      18 |       3 |  14.3
       D:10 |    3364 |     786 |  18.9 |      30 |       4 |  11.8
       D:11 |    2945 |       0 |   0.0 |      44 |       0 |   0.0
       D:12 |    5272 |    5303 |  50.1 |      22 |       2 |   8.3
       D:13 |    7388 |       0 |   0.0 |      38 |       0 |   0.0
     Bailey |       0 |     863 | 100.0 |       0 |       6 | 100.0
            +---------+---------+-------+---------+---------+-------
